 Dungeon Crawl Stone Soup version 0.29.0-10-g45618ea6d2 (webtiles) character file.

Game seed: 10403421068335834317

424 night the Grave Robber (level 6, -2/41 HPs)
             Began as a Demonspawn Necromancer on Sept 1, 2022.
             Was a Follower of Cheibriados.
             Slain by a goblin
             ... wielding a +1 dagger of venom
             ... led by Robin
              (4 damage)
             ... on level 3 of the Dungeon.
             The game lasted 00:07:13 (3801 turns).

night the Grave Robber (Demonspawn Necromancer)     Turns: 3801, Time: 00:07:14

Health: -2/41      AC:  3    Str: 11    XL:     6   Next: 64%
Magic:  13/13      EV: 12    Int: 24    God:    Cheibriados [*.....]
Gold:   202        SH:  0    Dex: 13    Spells: 9/14 levels left

rFire   . . .      SeeInvis .   l - +7 hammer "Saaddon" {freeze, rElec Will+ Dex-2}
rCold   . . .      Faith    .   (no shield)
rNeg    . . .      Spirit   .   a - +0 robe
rPois   .          Reflect  .   (no helmet)
rElec   +          Harm     .   n - +0 cloak
rCorr   .          Rampage  .   (no gloves)
Will    +....                   (no boots)
Stlth   ++........              (no amulet)
HPRegen 0.13/turn               (no ring)
MPRegen 0.13/turn               (no ring)

@: very slow
A: claws 1, big brain 2
a: Renounce Religion, Bend Time


You were on level 3 of the Dungeon.
You worshipped Cheibriados.
Cheibriados was aware of your devotion.
You visited 1 branch of the dungeon, and saw 4 of its levels.

You collected 202 gold pieces.

Inventory:

Hand Weapons
 d - a +0 short sword
 l - the +7 hammer "Saaddon" (weapon) {freeze, rElec Will+ Dex-2}
   (You found it on level 2 of the Dungeon)

   It freezes those it strikes, dealing additional cold damage.
   It can also slow down cold-blooded creatures.
   Dex:       It affects your dexterity (-2).
   rElec:     It insulates you from electricity.
   Will:      It increases your willpower.
Missiles
 c - 24 stones
 p - 11 poisoned darts
Armour
 a - a +0 robe (worn)
 n - a +0 cloak (worn)
Jewellery
 h - a ring of positive energy
Scrolls
 e - 2 scrolls of enchant armour {unknown}
 f - 6 scrolls of identify {unknown}
 i - 2 scrolls of fear {unknown}
 j - a scroll of acquirement {unknown}
 o - a scroll of teleportation {unknown}
 q - 2 scrolls of silence {unknown}
Potions
 b - a potion of magic
 g - a potion of mutation {unknown}
 k - a potion of might {unknown}
 m - 4 potions of curing
 r - 2 potions of haste {unknown}
 s - a potion of flight {unknown}
 t - 2 potions of cancellation {unknown}
 u - a potion of brilliance {unknown}
 v - a potion of degeneration {unknown}


   Skills:
 - Level 1.7 Dodging
 - Level 1.7 Stealth
 + Level 4.8 Spellcasting
 + Level 6.9 Necromancy


You had 9 spell levels left.
You knew the following spells:

 Your Spells              Type           Power      Damage    Failure   Level
a - Necrotise             Necr           100%       1d9       1%          1
b - Animate Dead          Necr           39%        N/A       4%          4

Your spell library contained the following spells:

 Spells                   Type           Power      Damage    Failure   Level
 Vampiric Draining        Necr           39%        2d8       1%          3
 Agony                    Necr           39%        N/A       14%         5
 Portal Projectile        Hex/Tloc       10%        N/A       26%         3
 Tukima's Dance           Hex            5%         N/A       26%         3
 Summon Lightning Spire   Summ/Air       5%         N/A       65%         4
 Blade Hands              Tmut           2%         N/A       94%         5
 Storm Form               Tmut/Air       2%         N/A       100%        7
 Maxwell's Capacitive Co  Air            2%         ∞         100%        8


Dungeon Overview and Level Annotations

Branches:
Dungeon (4/15)
 Temple: D:4-7

Altars:
Cheibriados
Hepliaklqana

Annotations:
D:3 Robin


Innate Abilities, Weirdness & Mutations

You have sharp fingernails.
You have an extremely huge brain. (Int +4)


Message History

The goblin shoots a sling bullet.
The sling bullet closely misses you.
The goblin unwields a +0 sling.
The goblin wields a +0 club.
The goblin closely misses you. The goblin hits you with a +0 club.
Things that are here:
a +0 dagger; a scroll labelled VOFOSAH XUYW You barely miss the goblin.
The goblin is moderately wounded.
The goblin barely misses you.
You thump the goblin! You freeze the goblin.
You kill the goblin!
Cheibriados appreciates the change of pace.
You barely miss the goblin. The goblin hits you with a +0 dagger.
The goblin completely misses you.
You barely miss the goblin. The goblin barely misses you.
You thump the goblin! You freeze the goblin.
You kill the goblin!
Cheibriados appreciates the change of pace.
The goblin unwields a +4 dagger.
The goblin wields a +0 sling.
The goblin shoots a sling bullet.
The sling bullet misses you.
You hit the goblin. You freeze the goblin.
The goblin is heavily wounded.
The goblin closely misses you. The goblin hits you but does no damage.
You sock the goblin! You freeze the goblin.
You kill the goblin!
Cheibriados appreciates the change of pace.
Robin throws the goblin at you!
The goblin unwields a +0 sling.
The goblin wields a +4 dagger.
The goblin hits you with a +4 dagger.
You completely miss the goblin.
Robin roars a battlecry!
The goblin goes into a battle-frenzy!
The goblin hits you with a +4 dagger!
* * * LOW HITPOINT WARNING * * *
You sock the goblin! You freeze the goblin.
You kill the goblin!
Cheibriados appreciates the change of pace.
Robin barely misses you. Robin throws the goblin at you!
* * * LOW HITPOINT WARNING * * *
The goblin hits you with a +1 dagger of venom.
You die...

#.....#
######.# #.#
#..)...# #.##
#...###..####
#...........#
#.........#.#
#....###.)..#
#.#.####.#.##
#...))@g.#.#
###g######.#
#)# #.#


gg. #.###### ..g.Z #......## ...g... ####....## .........####......#####
+.........+.............. #.........####......##### You could see Robin and a
goblin (strong).

Vanquished Creatures
  Sigmund (D:2)
  Blork the orc (D:4)
  Crazy Yiuf (D:2)
  4 gnolls (D:4)
  6 adders
  3 dart slugs
  4 orcs
  6 ball pythons
  5 bats
  5 endoplasms
  A giant cockroach (D:2)
  20 goblins
  4 hobgoblins
  2 jackals (D:3)
  A quokka (D:1)
  6 frilled lizards
  5 kobolds
  3 rats
78 creatures vanquished.

Vanquished Creatures (collateral kills)
  An endoplasm (D:2)
  A quokka (D:4)
  A ball python (D:1)
  A goblin (D:4)
4 creatures vanquished.

Vanquished Creatures (others)
  2 gnoll zombies (D:4)
  5 goblin zombies (D:3)
7 creatures vanquished.

Grand Total: 89 creatures vanquished

Notes
Turn   | Place    | Note
-------+----------+-------------------------------------------
     0 | D:1      | night the Demonspawn Necromancer began the quest for the
                  | Orb.
     0 | D:1      | Reached XP level 1. HP: 13/13 MP: 3/3
   241 | D:1      | Gained mutation: You have an unusually large brain. (Int
                  | +2) [demonic ancestry]
   241 | D:1      | Reached XP level 2. HP: 19/19 MP: 3/5
   589 | D:1      | Found a faded altar of an unknown god.
  1000 | D:1      | Reached skill level 5 in Necromancy
  1000 | D:1      | Gained mutation: You have an extremely huge brain. (Int +4)
                  | [demonic ancestry]
  1000 | D:1      | Reached XP level 3. HP: 24/24 MP: 5/7
  1437 | D:2      | Noticed Sigmund
  1459 | D:2      | Killed Sigmund
  1460 | D:2      | Reached skill level 6 in Necromancy
  1460 | D:2      | Reached XP level 4. HP: 20/30 MP: 0/10
  1460 | D:2      | Gained mutation: You have sharp fingernails. [demonic
                  | ancestry]
  1460 | D:2      | Reached XP level 5. HP: 23/35 MP: 0/11
  1754 | D:2      | Learned a level 4 spell: Animate Dead
  1794 | D:2      | Found a runed translucent door.
  1795 | D:2      | Identified the +7 hammer "Saaddon" {freeze, rElec Will+
                  | Dex-2}
  1795 | D:2      | Noticed Crazy Yiuf
  1803 | D:2      | HP: 2/35 [Crazy Yiuf/+3 quarterstaff of chaos (6)]
  1804 | D:2      | Killed Crazy Yiuf
  2869 | D:3      | You fall into a shaft and drop 1 floor!
  2878 | D:4      | Reached XP level 6. HP: 41/41 MP: 8/12
  3207 | D:4      | Found a snail-covered altar of Cheibriados.
  3208 | D:4      | Found a hazy altar of Hepliaklqana.
  3212 | D:4      | Became a worshipper of Cheibriados the Contemplative
  3354 | D:4      | Noticed Blork the orc
  3365 | D:4      | Killed Blork the orc
  3768 | D:3      | Noticed Robin
  3778 | D:3      | Reached * piety under Cheibriados
  3799 | D:3      | HP: 5/41 [goblin/+4 dagger[Robin] (8)]
  3801 | D:3      | HP: 2/41 [Robin/goblin (3)]
  3801 | D:3      | Slain by a goblin

Illustrated notes

Levels and vault maps discovered:
D:1:      lemuel_arrival_room, layout_loops_ring,
          hellmonk_ecumenical_altar_blasted, serial_glass, glass_columns_a,
          glass_columns_b, glass_columns_c, glass_columns_b, glass_columns_b,
          glass_columns_c
D:2:      layout_rooms, basic_altar, minmay_misc_feat_five,
          minmay_misc_feat_four_crosses, minmay_fountain_box,
          grunt_ministairs_8, uniq_crazy_yiuf_cottage, uniq_sigmund
D:3:      layout_loops_corners, uniq_robin
D:4:      layout_cave_pods, jmf_multi_god_temple, st_stairs_14,
          uniq_blork_the_orc

Skill      XL: |  1  2  3 |
---------------+----------+-----
Necromancy     | 5 6 |  6.9
Spellcasting   | 4 |  4.8
Dodging        | |  1.7
Stealth        | |  1.7

Action                   |  1- 3 |  4- 6 || total
-------------------------+-------+-------++-------
Melee: Unarmed           |     5 |       ||     5
       Short sword       |     1 |     8 ||     9
       Mace              |       |    62 ||    62
 Cast: Necrotise         |    55 |    30 ||    85
       Animate Dead      |       |     2 ||     2
  Use: Scroll            |     2 |       ||     2
Armor: Robe              |     4 |    16 ||    20
Dodge: Dodged            |     9 |    50 ||    59
